 Dungeon Crawl Stone Soup version 0.31-a0-1074-g0b22e4e0f1 (webtiles) character file.

Game seed: 4948112513935685113

7574 freelancePsychic the Fighter (level 10, 0/92 HPs)
             Began as a Demonspawn Hunter on Dec 4, 2023.
             Was an Initiate of Gozag.
             Slain by Snorg (15 damage)
             ... on level 10 of the Dungeon.
             The game lasted 00:17:58 (8426 turns).

freelancePsychic the Fighter (Demonspawn Hunter)    Turns: 8426, Time: 00:17:59

Health: 0/92       AC:  7    Str: 13    XL:     10   Next: 97%
Magic:  13/14      EV: 15    Int: 10    God:    Gozag
Gold:   1463       SH:  0    Dex: 26    Spells: 12/14 levels left

rFire   . . .        a - +0 orcbow
rCold   . . .        (shield currently unavailable)
rNeg    . . .        d - +3 troll leather armour {Pargi}
rPois   .            (helmet restricted)
rElec   .            q - +0 cloak
rCorr   .            (no gloves)
SInv    .            (no boots)
Will    .....        J - amulet of regeneration
Stlth   ++           f - +6 ring of dexterity
HPRegen 1.95/turn    e - ring of wizardry
MPRegen 0.14/turn

%: wizardry (x1)
@: wereblooded
A: horns 2, repulsion field 2, demonic guardian 2
a: Renounce Religion, Potion Petition, Call Merchant, Bribe Branch


You were on level 10 of the Dungeon.
You worshipped Gozag.
Gozag was most pleased with you.
You visited 2 branches of the dungeon, and saw 11 of its levels.
You also visited: Sewer.

You collected 1624 gold pieces.
You spent 60 gold pieces at shops.
You paid 101 gold pieces to Gozag.

Inventory:

Hand Weapons
 a - a +0 orcbow (weapon)
 n - the +7 staff of the Meek {protect, meekguard}
   (You found it on level 3 of the Dungeon)
Missiles
 p - 19 poisoned darts
 D - 2 throwing nets
Armour
 c - a +0 leather armour
 d - a +3 troll leather armour (worn) {Pargi}
 g - a +1 leather armour of fire resistance
 q - a +0 cloak (worn)
 B - a +2 kite shield of protection
Jewellery
 e - a ring of wizardry (right hand)
 f - a +6 ring of dexterity (left hand)
 m - a ring of protection from cold
 o - a ring of wizardry
 y - an amulet of magic regeneration
 G - a +6 ring of strength
 J - an amulet of regeneration (around neck)
Wands
 F - a wand of paralysis (7)
 L - a wand of mindburst (8)
Scrolls
 b - a scroll of butterflies
 h - a scroll of brand weapon
 i - 2 scrolls of fog
 l - a scroll of revelation
 r - 3 scrolls of blinking
 u - 2 scrolls of enchant weapon
 w - a scroll of fear
 x - 2 scrolls of torment
 A - 2 scrolls of poison
 C - 4 scrolls of teleportation {@r4}
 E - a scroll of immolation
 K - a scroll of vulnerability
Potions
 j - a potion of haste {unknown}
 k - a potion of magic
 s - 2 potions of experience {unknown}
 t - a potion of heal wounds {unknown}
 v - 3 potions of curing {@q1}
 H - 2 potions of berserk rage {unknown}
 I - a potion of enlightenment {unknown}


   Skills:
 + Level 13.4 Fighting
 + Level 9.2 Ranged Weapons
 - Level 1.7 Dodging
 - Level 0.8 Stealth
 - Level 2.9 Spellcasting
 - Level 3.0 Transmutations


You had 12 spell levels left.
You knew the following spells:

 Your Spells              Type           Power      Damage    Failure   Level
a - Wereblood             Tmut           7%         N/A       6%          2

Your spell library contained the following spells:

 Spells                   Type           Power      Damage    Failure   Level
 Apportation              Tloc           2%         N/A       16%         1
 Jinxbite                 Hex            2%         N/A       22%         2
 Poisonous Vapours        Pois/Air       2%         N/A       22%         2
 Sublimation of Blood     Necr           1%         N/A       22%         2
 Dazzling Flash           Conj/Hex       2%         N/A       38%         3
 Mephitic Cloud           Conj/Pois/Air  1%         N/A       38%         3
 Tukima's Dance           Hex            1%         N/A       38%         3
 Volatile Blastmotes      Fire/Tloc      2%         2d10      38%         3
 Dimensional Bullseye     Hex/Tloc       0%         N/A       78%         4
 Fulminant Prism          Conj/Hex       0%         3d5       78%         4
 Iskenderun's Mystic Bla  Conj/Tloc      1%         2d3       78%         4
 Olgreb's Toxic Radiance  Pois           1%         N/A       78%         4
 Alistair's Intoxication  Tmut/Pois      2%         N/A       89%         5
 Freezing Cloud           Conj/Ice/Air   0%         6-21      98%         5
 Starburst                Conj/Fire      0%         6d3       100%        6
 Summon Hydra             Summ           0%         N/A       100%        7
 Discord                  Hex            0%         N/A       100%        8
 Ignition                 Fire           0%         3d3       100%        8
 Maxwell's Capacitive Co  Air            0%         ∞         100%        8


Dungeon Overview and Level Annotations

Branches:
Dungeon (10/15)            Temple (1/1) D:5            Lair (0/5) D:8
    Orc (0/2) D:9           Sewer (visited)

Altars:
Ashenzari
Cheibriados
Dithmenos
Fedhas
Gozag
Hepliaklqana
Kikubaaqudgha
Makhleb
Nemelex Xobeh
Okawaru
Qazlal
Ru
Sif Muna
Trog
Uskayaw
Vehumet
Wu Jian
Xom
Yredelemnul

Shops:
D:3 :   D:10 ?

Annotations:
D:4 Natasha
D:7 exclusion: gargoyle
D:10 Snorg


Innate Abilities, Weirdness & Mutations

You have a pair of horns on your head.
You are surrounded by a moderate repulsion field. (EV +3)
A demonic guardian rushes to your aid.


Message History

Snorg is heavily wounded.
Snorg closely misses you. Snorg misses you. x2
You shoot an arrow. The arrow hits Snorg!
Snorg is severely wounded.
Snorg closely misses you. Snorg claws you but does no damage. Snorg claws you!
You shoot an arrow. The arrow closely misses Snorg.
Snorg goes berserk!
You shoot an arrow. The arrow hits Snorg.
Snorg is severely wounded.
Snorg bites you!!
A demonic guardian appears!
Snorg claws you!! Snorg barely misses you. Snorg bites you!
* * * LOW HITPOINT WARNING * * *
Snorg claws you!
* * * LOW HITPOINT WARNING * * *
Snorg barely misses you.
You are too injured to fight recklessly!
You are too injured to fight recklessly!
You are too injured to fight recklessly!
You are too injured to fight recklessly!
You are too injured to fight recklessly!
You are too injured to fight recklessly!
You are too injured to fight recklessly!
You are too injured to fight recklessly!
You are too injured to fight recklessly!
You are too injured to fight recklessly!
You are too injured to fight recklessly!
You are too injured to fight recklessly!
You are too injured to fight recklessly!
You are too injured to fight recklessly!
You are too injured to fight recklessly!
You are too injured to fight recklessly!
Aiming: Fastroot
Press: ? - help, Shift-Dir - straight line, f/p - Snorg
Aim: Snorg (severely wounded, berserk, ally target)
The roots erupt in riotous growth!
Roots grab Snorg.
Your demonic guardian avoids your attack.
The now-empty wand crumbles to dust.
The grasping roots constrict Snorg.
Snorg bites you!
You die...
Your body crumbles into a pile of gold.

#.#
##
#.#
##>#
#.#
#
..#
#.#
# ##
#.#
#
#.#
#.#
#.#
#.#
#@#
#T#
#4#
#.#
.#.
# #


You could see Snorg (berserk, rooted, ally target) and a friendly hellwing
(summoned).

Vanquished Creatures
  Maurice (D:10)
  A yak (D:9)
  A wraith (D:10)
  2 wyverns (D:8)
  2 shadows
  2 vampire mosquitoes (D:10)
  Edmund (D:6)
  An acid dragon (D:9)
  3 water moccasins
  6 orc warriors
  Pargi (Sewer)
  A black bear (D:6)
  3 sky beasts
  5 wolves (D:8)
  An ogre (D:5)
  4 centaurs
  A phantom (D:5)
  2 kobold brigands
  3 bullfrogs (D:8)
  A gnoll sergeant (D:9)
  3 scorpions
  5 wights (D:8)
  4 killer bees (D:10)
  4 howler monkeys
  An electric eel (D:9)
  A hound (D:6)
  A gnoll bouda (D:7)
  8 orc priests
  A sleepcap (D:6)
  Natasha (twice) (D:4)
  16 orc wizards
  13 gnolls
  A river rat (D:4)
  5 adders
  A shadow imp (D:7)
  2 white imps
  4 worms
  2 dart slugs
  43 orcs
  8 endoplasms
  6 giant cockroaches
  6 hobgoblins
  7 jackals
  11 kobolds
  3 quokkas
  7 ball pythons
  4 bats
  9 frilled lizards
  3 goblins
  5 rats
228 creatures vanquished.

Vanquished Creatures (collateral kills)
  A troll (D:10)
  2 hornets
  A wyvern (D:10)
  2 vampire mosquitoes (D:10)
  A water moccasin (D:8)
  An orc warrior (D:9)
  A howler monkey (D:10)
  An orc priest (D:7)
  A gnoll (D:8)
11 creatures vanquished.

Grand Total: 239 creatures vanquished

Notes
Turn   | Place    | Note
-------+----------+-------------------------------------------
     0 | D:1      | freelancePsychic the Demonspawn Hunter began the quest for
                  | the Orb.
     0 | D:1      | Reached XP level 1. HP: 16/16 MP: 1/1
   207 | D:1      | Gained mutation: You are surrounded by a mild repulsion
                  | field. (EV +2) [demonic ancestry]
   207 | D:1      | Reached XP level 2. HP: 22/22 MP: 2/2
   869 | D:2      | Found a sparkling altar of Nemelex Xobeh.
   959 | D:2      | Reached XP level 3. HP: 28/28 MP: 3/3
  1734 | D:3      | Learned a level 2 spell: Wereblood
  1878 | D:3      | Gained mutation: You have a pair of small horns on your
                  | head. [demonic ancestry]
  1878 | D:3      | Reached XP level 4. HP: 31/34 MP: 4/4
  1880 | D:3      | Reached skill level 3 in Fighting
  2029 | D:3      | Found Liosch's Book Shoppe.
  2132 | D:3      | Found the +7 staff of the Meek {protect, meekguard}
  2590 | D:4      | Noticed Natasha
  2594 | D:4      | Killed Natasha
  2595 | D:4      | Reached skill level 1 in Spellcasting
  2595 | D:4      | Reached skill level 1 in Transmutations
  2668 | D:4      | Found a burning altar of Makhleb.
  2713 | D:4      | Reached XP level 5. HP: 41/41 MP: 7/7
  2735 | D:4      | Found a glowing drain.
  2739 | Sewer    | Entered a sewer
  2753 | Sewer    | Noticed Pargi
  2762 | Sewer    | Killed Pargi
  3080 | D:4      | Gained mutation: A weak demonic guardian rushes to your
                  | aid. [demonic ancestry]
  3080 | D:4      | Reached XP level 6. HP: 47/47 MP: 9/9
  3080 | D:4      | Noticed Natasha
  3087 | D:4      | Killed Natasha
  3343 | D:4      | Found a sacrificial altar of Ru.
  3345 | D:4      | Noticed Natasha
  3383 | D:4      | Became a worshipper of Ru the Awakened
  3546 | D:5      | Entered Level 5 of the Dungeon
  3554 | D:5      | Found a staircase to the Ecumenical Temple.
  3563 | Temple   | Entered the Ecumenical Temple
  3601 | Temple   | Fell from the grace of Ru
  3601 | Temple   | Became a worshipper of Gozag Ym Sagoz the Greedy
  3687 | D:5      | Found an ornate altar of the Wu Jian Council.
  3703 | D:5      | Reached skill level 4 in Fighting
  3757 | D:5      | Noticed a sky beast
  3819 | D:4      | Reached skill level 5 in Ranged Weapons
  3819 | D:4      | Reached XP level 7. HP: 39/55 MP: 11/11
  3896 | D:5      | Reached skill level 5 in Fighting
  3978 | D:5      | Found a bloodstained altar of Trog.
  4155 | D:5      | Found a snail-covered altar of Cheibriados.
  4223 | D:6      | Noticed Edmund
  4230 | D:5      | Gained mutation: You have a pair of horns on your head.
                  | [demonic ancestry]
  4230 | D:5      | Reached XP level 8. HP: 64/64 MP: 12/12
  4248 | D:6      | Killed Edmund
  4249 | D:6      | Reached skill level 6 in Fighting
  4715 | D:6      | Reached skill level 7 in Fighting
  5081 | D:7      | Reached skill level 8 in Fighting
  5229 | D:7      | Gained mutation: A demonic guardian rushes to your aid.
                  | [demonic ancestry]
  5229 | D:7      | Reached XP level 9. HP: 67/75 MP: 13/13
  5275 | D:7      | Found a snail-covered altar of Cheibriados.
  5394 | D:7      | Noticed a gargoyle
  5553 | D:8      | Found a shimmering altar of Xom.
  5564 | D:8      | Found a shadowy altar of Dithmenos.
  5588 | D:7      | Reached skill level 9 in Fighting
  5727 | D:8      | Reached skill level 10 in Fighting
  5907 | D:8      | Reached skill level 11 in Fighting
  6037 | D:8      | Found a staircase to the Lair.
  6154 | D:8      | Gained mutation: You are surrounded by a moderate repulsion
                  | field. (EV +3) [demonic ancestry]
  6154 | D:8      | Reached XP level 10. HP: 79/89 MP: 14/14
  6156 | D:8      | Reached skill level 12 in Fighting
  7220 | D:9      | Found a hazy altar of Hepliaklqana.
  7417 | D:9      | Found a faded altar of an unknown god.
  7417 | D:9      | Found a hide-covered altar of Uskayaw.
  7440 | D:9      | Found a sparkling altar of Nemelex Xobeh.
  7445 | D:9      | Found a faded altar of an unknown god.
  7794 | D:9      | Found a staircase to the Orcish Mines.
  7911 | D:10     | Entered Level 10 of the Dungeon
  7923 | D:10     | Identified the +0 robe of Boredom {Rampage rC+ Str+3
                  | Stlth+}
  8013 | D:10     | Noticed Maurice
  8157 | D:10     | Found Qinnir's Magic Scroll Shop.
  8163 | D:10     | Paralysed by a hornet for 3 turns
  8173 | D:10     | Reached skill level 13 in Fighting
  8206 | D:10     | Bought a scroll of vulnerability for 60 gold pieces
  8328 | D:10     | Killed Maurice
  8361 | D:10     | Identified the +2 cloak of Immorality {Contam rPois rN+++
                  | Int+4}
  8416 | D:10     | Noticed Snorg
  8426 | D:10     | Slain by Snorg

Illustrated notes

Levels and vault maps discovered:
D:1:      dpeg_arrival_lava_altar, layout_basic, chequers_serial_rivers_room_b
D:2:      layout_basic, basic_altar, minmay_misc_feat_pillars,
          minmay_split_cup_large
D:3:      layout_loops_ring, serial_shops,
          nicolae_shop_temple_entry_statues_fountains, moated_statue,
          grunt_decor_resistance, minmay_misc_feat_tower,
          kennysheep_big_empty_room, hangedman_glass_teeth
D:4:      layout_loops_ring, nicolae_overflow_crystal_walls,
          nicolae_ru_awakened_eye, gup_sewer_entry_spiral, moated_statue,
          uniq_natasha
D:5:      layout_rooms, mainiacjoe_overflow_alcove_1, kennysheep_mini_moat,
          minmay_temple_entry_hall, hangedman_feature_mirror,
          serial_library_regret_index_multi, due_unseen_surprise
D:6:      layout_loops_ring, elyvilon_altar_3, kennysheep_path_1, uniq_edmund
D:7:      layout_loops_corners, kennysheep_slug_shrine
D:8:      layout_loops_ring, brannock_xom_greatest_gift,
          mainiacjoe_overflow_concentric_impassable, minmay_lair_entry_grove
D:9:      layout_basic, marbit_many_paths, chequers_temple_overflow_minitemple,
          erik_orc_2
D:10:     layout_loops_ring, serial_shops, shop, uniq_maurice, uniq_snorg
Temple:   jpeg_temple_alley_garden

Skill      XL: |  1  2  3  4  5  6  7  8  9 10 |
---------------+-------------------------------+-----
Ranged Weapons | 4 5 6 7 9 |  9.2
Fighting       | 3 4 5 8 11 13 | 13.4
Spellcasting   | 1 2 |  2.9
Transmutations | 1 2 3 |  3.0
Dodging        | |  1.7
Stealth        | |  0.8

Action                     |  1- 3 |  4- 6 |  7- 9 | 10-12 || total
---------------------------+-------+-------+-------+-------++-------
  Melee: Quarterstaff      |       |   100 |   237 |       ||   337
         Headbutt          |       |    17 |    41 |       ||    58
   Fire: Shortbow          |   102 |    36 |       |       ||   138
         Orcbow            |       |       |    29 |   282 ||   311
   Cast: Wereblood         |       |     2 |     9 |    16 ||    27
  Evoke: Wand              |       |       |       |     7 ||     7
    Use: Scroll            |     1 |       |     8 |     5 ||    14
         Potion            |       |     4 |       |       ||     4
   Stab: Sleeping          |       |     3 |     5 |       ||     8
         Invisible         |       |     2 |       |       ||     2
         Distracted        |       |     1 |     1 |       ||     2
 Armour: Leather armour    |    10 |    18 |       |       ||    28
         Troll leather arm |       |    56 |   187 |   131 ||   374
  Dodge: Dodged            |    21 |   124 |   193 |   125 ||   463

Table legend: (Time is in decaauts)
 A = Elapsed time spent in this place.
 B = Non-inter-level travel time spent in this place.
 C = Inter-level travel time spent in this place.
 D = Time resting spent in this place.
 E = Time spent auto-exploring this place.
 F = Levels seen in this place.
 G = Mean time per level.
                   A        B        C        D        E       F      G
               +--------+--------+--------+--------+--------+-----+--------+
         Total |   8718 |   8248 |    470 |     76 |   6198 |  12 |  726.5 |
       Dungeon |   8387 |   7969 |    418 |     76 |   6048 |  10 |  838.7 |
        Temple |     71 |     20 |     51 |      0 |      0 |   1 |   71.0 |
         Sewer |    258 |    258 |      0 |      0 |    150 |   1 |  258.0 |
               +--------+--------+--------+--------+--------+-----+--------+

Top non-repeatable levels by time:
     D:9: 1401 daAuts
     D:3: 956 daAuts
     D:8: 937 daAuts
     D:4: 892 daAuts
     D:1: 882 daAuts
     D:6: 784 daAuts
     D:2: 783 daAuts
     D:7: 672 daAuts
     D:5: 546 daAuts
    D:10: 530 daAuts
   Sewer: 258 daAuts
  Temple: 71 daAuts
